 Dungeon Crawl Stone Soup version 0.24.0-123-gd5b16e6ec5 (webtiles) character file.

Game seed: 13828055669368016520, levelgen mode: deterministic

44 Locuples the Sneak (level 3, 0/27 HPs)
             Began as a Demonspawn Assassin on Jan 28, 2020.
             Slain by a hobgoblin
             ... wielding a +0 club
              (6 damage)
             ... on level 3 of the Dungeon.
             The game lasted 00:05:20 (2108 turns).

Locuples the Sneak (Demonspawn Assassin)            Turns: 2108, Time: 00:05:20

Health: 0/27       AC:  4    Str: 11    XL:     3   Next: 39%
Magic:  3/3        EV: 11    Int: 12    God:
Gold:   118        SH:  0    Dex: 15    Spells: 2/2 levels left

rFire    . . .     SeeInvis .   a - +2 dagger
rCold    . . .     Gourm    .   (no shield)
rNeg     . . .     Faith    .   b - +0 robe
rPois    .         Spirit   .   (helmet restricted)
rElec    .         Reflect  .   c - +0 cloak
rCorr    .         Harm     .   p - +0 pair of gloves
MR       .....                  (no boots)
Stlth    +++.......             l - amulet of rage
HPRegen  0.09/turn              (no ring)
MPRegen  0.08/turn              (no ring)

@: berserk cooldown, slowed, very slow
A: antennae 1
a: Evoke Berserk Rage


You were on level 3 of the Dungeon.
You were not hungry.

You visited 1 branch of the dungeon, and saw 3 of its levels.

You collected 118 gold pieces.

Inventory:

Hand Weapons
 a - a +2 dagger (weapon)
Missiles
 e - 2 curare-tipped darts
 v - 3 poisoned darts (quivered)
Armour
 b - a +0 robe (worn)
 c - a +0 cloak (worn)
 p - a +0 pair of gloves (worn)
 u - a +0 cloak
Jewellery
 l - an amulet of rage (around neck)
 t - a +4 amulet of reflection
Scrolls
 h - a scroll of amnesia {unknown}
 j - a scroll of enchant weapon {unknown}
 k - 4 scrolls of random uselessness {unknown}
 m - a scroll of teleportation {unknown}
 n - a scroll of fog {unknown}
 o - 2 scrolls of identify {unknown}
 r - 2 scrolls of remove curse {unknown}
Potions
 d - a potion of mutation {unknown}
 g - 2 potions of cancellation {unknown}
 q - a potion of flight {unknown}
 s - 2 potions of magic {unknown}
Comestibles
 f - 3 rations
 i - 3 chunks of flesh


   Skills:
 - Level 2.0 Fighting
 + Level 2.1 Short Blades
 - Level 1.7 Throwing
 - Level 0.8 Dodging
 * Level 4.7 Stealth


You had 2 spell levels left.
You didn't know any spells.
Your spell library was empty.

Dungeon Overview and Level Annotations

Branches:
Dungeon (3/15)

Altars:


Innate Abilities, Weirdness & Mutations

You have a pair of small antennae on your head.


Message History

You feel sick.
You start resting.
You feel sick.
Eating one of 4 chunks of flesh.
You eat one of the 4 chunks of flesh.
This raw flesh tastes terrible.
You feel sick.
The hobgoblin is too close now for your liking.
You feel sick.
You feel sick.
You are no longer poisoned.
You start resting.
The hobgoblin is too close now for your liking.
You barely miss the hobgoblin. The hobgoblin barely misses you.
You closely miss the hobgoblin. The hobgoblin barely misses you.
You completely miss the hobgoblin.
The hobgoblin hits you but does no damage.
The hobgoblin closely misses you.
You hit the hobgoblin.
The hobgoblin is severely wounded.
The hobgoblin hits you with a +0 club.
You die...

.?..........(..####...####
....##.##.#÷#.#.........).
.. ... #.#>..............
. .### #.###.#...........
.. ###>....#####...#### .
#.......# ...# #.#.###.#
...# .. ## .#..##.# ...#
.. .# #.##.##@# #.##
#.#.####.##.##g#
.....).........#
#...##.###.####
#.#....))†.#
.###...##.#####
.....####.# ..#Kggo.o.#
.....######


You could see a hobgoblin.

Vanquished Creatures
  A dart slug (D:2)
  An orc (D:3)
  A ball python (D:1)
  3 giant cockroaches
  5 goblins
  7 hobgoblins
  2 quokkas
  3 bats
  A frilled lizard (D:1)
  5 kobolds
  8 rats
37 creatures vanquished.

Notes
Turn   | Place    | Note
-------+----------+-------------------------------------------
     0 | D:1      | Locuples the Demonspawn Assassin began the quest for the
                  | Orb.
     0 | D:1      | Reached XP level 1. HP: 16/16 MP: 1/1
   156 | D:1      | Reached skill level 4 in Stealth
   182 | D:1      | Gained mutation: You have a pair of small antennae on your
                  | head. [demonic ancestry]
   182 | D:1      | Reached XP level 2. HP: 2/22 MP: 2/2
  1462 | D:2      | Reached XP level 3. HP: 27/27 MP: 3/3
  2108 | D:3      | Slain by a hobgoblin

Levels and vault maps discovered:
D:1:      lemuel_arrival_broad_hall, layout_loops_ring, minmay_bisected
D:2:      layout_rooms
D:3:      layout_loops_cross, first_ration, minmay_fractal_squares_5

Skill      XL: |  1  2 |
---------------+-------+-----
Stealth        | 4 |  4.7
Short Blades   | 2 |  2.1
Fighting       | |  2.0
Throwing       | |  1.7
Dodging        | |  0.8

Action                   || total
-------------------------++-------
Melee: Dagger            ||   129
 Abil: Evoke Berserk Rag ||     1
 Stab: Sleeping          ||     5
  Eat: Chunk             ||     5
Armor: Robe              ||    33
Dodge: Dodged            ||    80
Block: Other             ||     4
